 Dungeon Crawl Stone Soup version 0.31.0-32-g396128a36d (webtiles) character file.

Game seed: 6192414841039669908

4556 monsoonserge the Grappler (level 10, -12/65 HPs)
             Began as an Octopode Shapeshifter on Apr 14, 2024.
             Was an Initiate of Gozag.
             Mangled by an orc warlord
             ... wielding a +3 broad axe
              (16 damage)
             ... in a bailey.
             The game lasted 00:25:15 (8798 turns).

monsoonserge the Grappler (Octopode Shapeshifter)   Turns: 8798, Time: 00:25:16

Health: -12/65     AC:  1    Str: 17    XL:     10   Next: 40%
Magic:  19/19      EV: 18    Int: 13    God:    Gozag
Gold:   1351       SH:  0    Dex: 12    Spells: 9/9 levels left

rFire   . .          .
                       - Unarmed
rCold   . . .        (shield currently unavailable)
rNeg    . . .        (helmet restricted)
rPois   .            (no amulet)
rElec   .            i - ring of magical power
rCorr   +            B - ring of resist corrosion
SInv    .            F - ring of willpower
Will    +....        (no ring)
Stlth   ++           (no ring)
HPRegen 0.30/turn    (no ring)
MPRegen 0.16/turn    (no ring)
                     (no ring)

%: no passive effects
@: flux-form, glowing
A: glow, contaminating, almost no armour, amphibious, 8 rings, camouflage 1,
gelatinous body 1, (nimble swimmer 1), tentacles
a: Begin Untransformation, Renounce Religion, Potion Petition, Call Merchant,
Bribe Branch


You were in a bailey.
You worshipped Gozag.
Gozag was most pleased with you.
You were something dangerously unstable.
You visited 1 branch of the dungeon, and saw 7 of its levels.
You also visited: Sewer and Bailey.

You collected 1382 gold pieces.
You paid 31 gold pieces to Gozag.

Inventory:

Missiles
 o - 21 poisoned darts
 p - 4 boomerangs
 z - 2 javelins
Jewellery
 i - a ring of magical power (left tentacle)
 B - a ring of resist corrosion (right tentacle)
 F - a ring of willpower (on tentacle)
Talismans
 b - a beast talisman
 c - a flux talisman (active)
Wands
 j - a wand of polymorph (8)
 r - a wand of flame (1) (quivered)
 y - a wand of acid (7)
Scrolls
 a - 2 scrolls of butterflies {unknown}
 d - 5 scrolls of teleportation {unknown}
 e - 2 scrolls of fear {unknown}
 f - a scroll of vulnerability {unknown}
 g - a scroll of torment {unknown}
 h - 3 scrolls of blinking {unknown}
 l - 4 scrolls of identify {unknown}
 n - 3 scrolls of fog {unknown}
 q - 2 scrolls of immolation {unknown}
 s - a scroll of enchant weapon {unknown}
 x - a scroll of acquirement {unknown}
 C - 2 scrolls of noise {unknown}
Potions
 k - 3 potions of attraction {unknown}
 m - a potion of berserk rage {unknown}
 t - a potion of degeneration {unknown}
 u - 2 potions of haste {unknown}
 v - 3 potions of resistance {unknown}
 w - 4 potions of heal wounds {unknown}
 A - 2 potions of magic {unknown}
 D - a potion of mutation {unknown}
 E - a potion of brilliance {unknown}


   Skills:
 * Level 4.9 Fighting
 * Level 5.0 Dodging
 + Level 5.3 Stealth
 * Level 9.3 Unarmed Combat
 + Level 2.8 Evocations
 + Level 8.6 Shapeshifting


You had 9 spell levels left.
You didn't know any spells.
Your spell library contained the following spells:

 Spells                   Type           Power      Damage    Failure   Level
 Jinxbite                 Hex            0%         N/A       43%         2
 Yara's Violent Unravell  Hex/Alch       0%         3d3       100%        5
 Enfeeble                 Hex            0%         N/A       100%        7


Dungeon Overview and Level Annotations

Branches:
Dungeon (7/15)             Temple (0/1) D:5           Sewer (visited)
 Bailey (1/1)

Altars:
Gozag
Okawaru
Wu Jian


Innate Abilities, Weirdness & Mutations

You are something dangerously unstable.
You glow with magical radiation, making you easy to see and hit.
Foes you strike become dangerously contaminated with magical radiation.
You are incapable of wielding weapons or throwing items.
You cannot wear most types of armour.
You are amphibious.
You can wear up to eight rings at the same time.
Your skin changes colour to match your surroundings (Stealth+).
Your rubbery body absorbs attacks. (AC +1, EV +1)
((You are camouflaged when in or above water. (Stealth+)))
You have tentacles for arms and can constrict up to eight enemies at once.


Message History

The orc warrior is no longer distracted by gold.
The orc warrior shouts!
Aiming: Throw Flame
Press: ? - help, Shift-Dir - straight line, f/p - orc warrior
Aim: an orc warrior, wielding a +0 war axe and wearing a +0 chain mail (moderately wounded, strong, covered in acid, 68% to hit)
The puff of flame hits the orc warlord!
The orc warlord is moderately wounded.
Unknown command.
You completely miss the orc warlord. You grab the orc warlord.
The orc warlord is moderately wounded.
You constrict the orc warlord. You tentacle-slap the orc warlord.
The orc warlord begins to glow.
The orc warlord is moderately wounded.
You constrict the orc warlord.
The orc warlord hits you with a +3 broad axe!!
You tentacle-slap the orc warlord.
The orc warlord glows dangerously bright.
The orc warlord is moderately wounded.
You constrict the orc warlord. The orc warlord closely misses you.
Unknown command.
You tentacle-slap the orc warlord.
The orc warlord shudders as magic cascades through it!!
The orc warlord twists and deforms.
You squeeze the orc warlord!
The orc warlord is severely wounded.
You constrict the orc warlord. The orc warlord closely misses you.
Unknown command.
You bludgeon the orc warlord!
The orc warlord begins to glow.
You squeeze the orc warlord, but do no damage.
The orc warlord is severely wounded.
You constrict the orc warlord.
The orc warlord hits you with a +3 broad axe!!
* * * LOW HITPOINT WARNING * * *
Unknown command.
You tentacle-slap the orc warlord but do no damage.
The orc warlord glows dangerously bright.
The orc warlord is almost dead.
You constrict the orc warlord!
The orc warlord hits you with a +3 broad axe!
You die...
Your body crumbles into a pile of gold.

#.......# ##.......##
#.........# ##..)......##
#######.....⌠.....#######
##.....##.........##.....##
#.......'.........'.......#
##......)##.......##.......##
#.........#...p...#.........#
##.......).##88o88##.........##
#.....⌠.....###g###.....⌠.....#
##.........##


oog ##.........## #.........# .gog. #.........# ##.......##.......##...)...##
#.......#.........#..)....# ##)[)..##.........##.....##
##+####...........####)## You could see an orc warlord (heavy contam, misshapen,
corroded), 3 orc warriors, a gnoll, 2 hobgoblins and a goblin.

Vanquished Creatures
  An orc knight (Bailey)
  Jeremiah (D:6)
  Maggie (D:6)
  A wyvern (D:7)
  Edmund (D:6)
  3 water moccasins
  10 orc warriors
  A sky beast (D:7)
  A black bear (D:5)
  2 ogres
  A centaur (D:7)
  A crocodile (Sewer)
  2 phantoms
  A brain worm (Sewer)
  3 kobold brigands (Sewer)
  2 bullfrogs
  A scorpion (D:5)
  A wight (D:7)
  A water moccasin zombie (D:7)
  A howler monkey (D:6)
  2 jellies
  A bombardier beetle (D:4)
  3 orc priests
  Ijyb (D:3)
  3 iguanas
  3 orc wizards
  2 killer bee zombies (D:7)
  A howler monkey zombie (D:7)
  5 gnolls
  8 adders
  3 river rats (Sewer)
  A shadow imp (D:6)
  A white imp (D:5)
  5 dart slugs
  A ribbon worm (D:4)
  37 orcs
  9 endoplasms
  6 giant cockroaches
  22 goblins
  9 hobgoblins
  16 jackals
  9 kobolds
  3 quokkas
  12 ball pythons
  4 bats
  5 frilled lizards
  4 rats
212 creatures vanquished.

Notes
Turn   | Place    | Note
-------+----------+-------------------------------------------
     0 | D:1      | monsoonserge the Octopode Shapeshifter began the quest for
                  | the Orb.
     0 | D:1      | Reached XP level 1. HP: 13/13 MP: 1/1
   121 | D:1      | Reached skill level 1 in Stealth
   123 | D:1      | Reached XP level 2. HP: 17/18 MP: 2/2
   387 | D:1      | Reached XP level 3. HP: 17/24 MP: 3/3
   599 | D:1      | Found a faded altar of an unknown god.
  1004 | D:2      | Reached XP level 4. HP: 24/29 MP: 4/4
  1306 | D:2      | Reached skill level 4 in Unarmed Combat
  1753 | D:3      | Found an ornate altar of the Wu Jian Council.
  1756 | D:3      | Found an opulent altar of Gozag.
  1798 | D:3      | Became a worshipper of Gozag Ym Sagoz the Greedy
  2002 | D:3      | Noticed Ijyb
  2016 | D:3      | Killed Ijyb
  2144 | D:3      | Noticed Jessica
  2148 | D:3      | Jessica changed into Jessica the quokka
  2148 | D:3      | Noticed Jessica
  2149 | D:3      | Killed Jessica the quokka
  2417 | D:4      | Found a glowing drain.
  2509 | D:4      | Reached XP level 5. HP: 34/34 MP: 5/5
  2540 | Sewer    | Entered a sewer
  2550 | Sewer    | Reached skill level 1 in Evocations
  2560 | Sewer    | Noticed a kobold brigand
  2584 | Sewer    | Killed a kobold brigand
  2585 | Sewer    | Reached skill level 5 in Unarmed Combat
  2712 | Sewer    | Noticed a kobold brigand
  2746 | Sewer    | Killed a kobold brigand
  2747 | Sewer    | Reached XP level 6. HP: 27/39 MP: 6/6
  2861 | Sewer    | Reached skill level 6 in Unarmed Combat
  3013 | Sewer    | Reached XP level 7. HP: 26/45 MP: 7/7
  3458 | D:4      | Identified the +1 flail of Ash {protect, rElec rF+ rC-
                  | SInv}
  3752 | D:4      | Reached skill level 7 in Unarmed Combat
  4182 | D:4      | Found an iron altar of Okawaru.
  4461 | D:4      | Reached XP level 8. HP: 28/52 MP: 8/8
  4964 | D:5      | Entered Level 5 of the Dungeon
  5087 | D:5      | Reached skill level 5 in Shapeshifting
  5189 | D:5      | Found a staircase to the Ecumenical Temple.
  5892 | D:6      | Noticed Maggie
  6171 | D:6      | Noticed Jeremiah
  6182 | D:6      | Killed Jeremiah
  6183 | D:6      | Reached XP level 9. HP: 23/56 MP: 9/9
  6446 | D:6      | Killed Maggie
  6447 | D:6      | Reached skill level 8 in Unarmed Combat
  6964 | D:6      | Noticed Edmund
  6972 | D:6      | Killed Edmund
  7798 | D:7      | Found a flagged portal.
  7902 | Bailey   | Entered a bailey
  7952 | Bailey   | Reached skill level 9 in Unarmed Combat
  7952 | Bailey   | Reached XP level 10. HP: 48/63 MP: 10/10
  8573 | Bailey   | Noticed an orc knight
  8588 | Bailey   | Reached skill level 5 in Stealth
  8730 | Bailey   | Killed an orc knight
  8731 | Bailey   | Reached skill level 5 in Dodging
  8783 | Bailey   | Noticed an orc warlord
  8798 | Bailey   | Mangled by an orc warlord

Illustrated notes

Levels and vault maps discovered:
D:1:      saegor_arrival_simple_a, layout_basic,
          hellmonk_ecumenical_altar_lost_god, serial_bayou_crossing
D:2:      layout_loops_cross
D:3:      layout_basic, mainiacjoe_overflow_catwalk_spiral, uniq_jessica,
          uniq_ijyb
D:4:      layout_basic, marbit_many_paths, portal_sewer_entry_a,
          kennysheep_nondescript
D:5:      layout_rooms, minmay_temple_entry_statues_fountains, kennysheep_potato
D:6:      layout_layer_cave, uniq_maggie, uniq_jeremiah, uniq_edmund
D:7:      layout_basic, enter_bailey_8, serial_undead, serial_undead_b,
          serial_undead_b, serial_undead_b, serial_undead_b, serial_undead_f
Bailey:   bailey_axe_minmay_hex_keep, bailey

Skill      XL: |  1  2  3  4  5  6  7  8  9 10 |
---------------+-------------------------------+-----
Stealth        | 1 2 4 5 |  5.3
Fighting       | 2 3 4 |  4.9
Unarmed Combat | 4 5 6 7 9 |  9.3
Evocations     | 1 2 |  2.8
Dodging        | 3 4 5 |  5.0
Shapeshifting  | 7 8 |  8.6

Action                     |  1- 3 |  4- 6 |  7- 9 | 10-12 || total
---------------------------+-------+-------+-------+-------++-------
  Melee: Unarmed           |    50 |    99 |   260 |    82 ||   491
         Tentacles         |    15 |    27 |    58 |    18 ||   118
         Constrict         |    10 |    26 |    60 |    24 ||   120
         Punch             |     2 |     5 |     5 |       ||    12
  Evoke: Wand              |       |     1 |       |    13 ||    14
    Use: Potion            |       |       |       |     1 ||     1
   Stab: Sleeping          |     5 |     7 |    13 |       ||    25
         Distracted        |       |       |     1 |       ||     1
 Armour: Skin              |     7 |    39 |    91 |    31 ||   168
  Dodge: Dodged            |    22 |    47 |   125 |    20 ||   214
   Form: Flux              |       |       |     1 |       ||     1
